 Dungeon Crawl Stone Soup version 0.29-a0-998-g1987434951 (webtiles) character file.

Game seed: 1382472442251670823

2 Kazon the Ducker (level 1, 0/16 HPs)
             Began as a Demonspawn Gladiator on Aug 5, 2022.
             Slain by a goblin
             ... wielding a +0 dagger of distortion
              (16 damage)
             ... on level 1 of the Dungeon.
             The game lasted 00:00:52 (95 turns).

Kazon the Ducker (Demonspawn Gladiator)               Turns: 95, Time: 00:00:53

Health: 0/16       AC:  4    Str: 14    XL:     1   Next: 33%
Magic:  1/1        EV: 12    Int:  9    God:
Gold:   0          SH:  3    Dex: 14    Spells: 0/0 levels left

rFire   . . .      SeeInvis .   a - +0 war axe
rCold   . . .      Faith    .   c - +0 buckler
rNeg    . . .      Spirit   .   b - +0 leather armour
rPois   .          Reflect  .   f - +0 helmet
rElec   .          Harm     .   (no cloak)
rCorr   .          Rampage  .   (no gloves)
Will    .....                   (no boots)
Stlth   +.........              (no amulet)
HPRegen 0.05/turn               (no ring)
MPRegen 0.07/turn               (no ring)

@: no status effects
A: no striking features
a: no special abilities


You were on level 1 of the Dungeon.
You visited 1 branch of the dungeon, and saw 1 of its levels.

Inventory:

Hand Weapons
 a - a +0 war axe (weapon)
Missiles
 d - 3 throwing nets
 e - a javelin (quivered)
Armour
 b - a +0 leather armour (worn)
 c - a +0 buckler (worn)
 f - a +0 helmet (worn)


   Skills:
 + Level 2.0 Fighting
 + Level 2.7 Axes
 + Level 1.8 Throwing
 + Level 2.8 Dodging


You couldn't memorise any spells.
You didn't know any spells.
Your spell library was empty.

Dungeon Overview and Level Annotations

Branches:
Dungeon (1/15)

Altars:


Message History

Welcome, Kazon the Demonspawn Gladiator.
It is said that the Orb of Zot exists deep within this dungeon.
Press ? for a list of commands and other information.
Found a buckler.
Found a staircase leading out of the dungeon.
You see here a +0 buckler.
f - a +0 buckler Adjust to which letter? (? for menu, Esc to quit)
c - a +0 buckler;
f - a +0 helmet (worn)
You start putting on your armour.
You continue putting on your +0 buckler. x4
You finish putting on your +0 buckler.
An endoplasm and a goblin come into view.
The goblin shouts!
Throw: javelin
Press: ? - help, Q - select action, (/) - cycle Shift-Dir - straight line, f - endoplasm
Aim: an endoplasm (86% to hit)
Okay, then.
Unknown command.
You slash the endoplasm!
You kill the endoplasm!
You closely miss the goblin. The goblin hits you with a +0 dagger.
You hit the goblin.
You kill the goblin!
Things that are here:
a +0 dagger; a goblin corpse
Found a stone staircase leading down.
A kobold comes into view. It is wielding a +0 short sword.
An endoplasm comes into view.
The kobold shouts!
You hear a shout!
A goblin comes into view.
It is wielding a +0 dagger of distortion.
Found a club.
The goblin shouts!
The endoplasm quivers.
The goblin moves out of view.
Found a dagger.
The goblin attacks as you move away! The goblin hits you but does no damage.
Space warps horribly around you!
Ouch! That really hurt!
You die...

......##.##...
.......#.#.)# .......#.#..#
.......KJ...# .....#.###.#
### #..##K# ###...J#
#....#g# #.#..#@#
#####.#..#.########.# ##
#.................... .#
##.###.#.....#.###### .#
#..).#.###.>.#.#
.#####.####...###.#.#
............#.# #.#.####
.....#..###.#.# #.#....#
####.##.......###.####.####


You could see an endoplasm, a goblin and a kobold.

Vanquished Creatures
  An endoplasm (D:1)
  A goblin (D:1)
2 creatures vanquished.

Notes
Turn   | Place    | Note
-------+----------+-------------------------------------------
     0 | D:1      | Kazon the Demonspawn Gladiator began the quest for the Orb.
     0 | D:1      | Reached XP level 1. HP: 16/16 MP: 1/1
    95 | D:1      | Slain by a goblin

Illustrated notes

Levels and vault maps discovered:
D:1:      mrwooster_arrival_statue, layout_basic, minivault_27

Action                   || total
-------------------------++-------
Melee: War axe           ||     3
Armor: Leather armour    ||     1

Table legend: (Time is in decaauts)
 A = Elapsed time spent in this place.
 B = Non-inter-level travel time spent in this place.
 C = Inter-level travel time spent in this place.
 D = Time resting spent in this place.
 E = Time spent auto-exploring this place.
 F = Levels seen in this place.
 G = Mean time per level.
                   A        B        C        D        E       F      G
               +--------+--------+--------+--------+--------+-----+--------+
         Total |     96 |     96 |      0 |      0 |     15 |   1 |   96.0 |
       Dungeon |     96 |     96 |      0 |      0 |     15 |   1 |   96.0 |
               +--------+--------+--------+--------+--------+-----+--------+

Top non-repeatable levels by time:
     D:1: 96 daAuts
